 Dungeon Crawl Stone Soup version 0.27-a0-1202-ge72e49191c (console) character file.

Game seed: 1178886349461682724

1964 jejorda2 the Carver (level 9, -1/69 HPs)
             Began as a Merfolk Berserker on June 3, 2021.
             Was a Priest of Trog.
             Slain by a yak (12 damage)
             ... on level 6 of the Dungeon.
             The game lasted 00:11:45 (6561 turns).

jejorda2 the Carver (Merfolk Berserker)             Turns: 6561, Time: 00:11:46

Health: -1/69      AC: 12    Str: 21    XL:     9   Next: 19%
Magic:  9/9        EV: 11    Int:  6    God:    Trog [***...]
Gold:   357        SH:  0    Dex: 13    Spells: 8/8 levels left

rFire    + . .     SeeInvis .   a - +0 falchion
rCold    . . .     Faith    .   (no shield)
rNeg     . . .     Spirit   .   h - +2 ring mail {rF+}
rPois    +         Reflect  .   v - +0 helmet
rElec    .         Harm     .   (no cloak)
rCorr    .         Rampage  .   s - +1 pair of gloves
Will     ++...                  i - +0 pair of boots
Stlth    +.........             (no amulet)
HPRegen  1.21/turn              x - ring of poison resistance
MPRegen  0.11/turn              (no ring)

@: strong-willed, on berserk cooldown, regenerating, slowed, very slow
A: (nimble swimmer 2), mertail
a: Renounce Religion, Berserk, Trog's Hand


You were on level 6 of the Dungeon.
You worshipped Trog.
Trog was most pleased with you.
You visited 1 branch of the dungeon, and saw 6 of its levels.

You collected 357 gold pieces.

Inventory:

Hand Weapons
 a - a +0 falchion (weapon)
 l - a +0 flail
Missiles
 g - 2 boomerangs (quivered)
 k - 27 poisoned darts
Armour
 d - a +0 chain mail
 h - a +2 ring mail of fire resistance (worn)
 i - a +0 pair of boots (worn)
 s - a +1 pair of gloves (worn)
 v - a +0 helmet (worn)
Jewellery
 x - a ring of poison resistance (left hand)
Wands
 n - a wand of polymorph (9)
 p - a wand of digging (3)
 B - a wand of paralysis (5)
Scrolls
 c - 2 scrolls of immolation
 y - 2 scrolls of vulnerability
Potions
 b - a potion of mutation {unknown}
 e - 6 potions of heal wounds
 f - a potion of berserk rage {unknown}
 j - a potion of haste {unknown}
 m - 3 potions of curing
 t - a potion of might {unknown}
 u - 2 potions of lignification
 A - a potion of magic {unknown}


   Skills:
 - Level 6.0 Fighting
 * Level 10.1 Long Blades
 + Level 4.9 Armour
 - Level 2.6 Dodging


You had 8 spell levels left.
You didn't know any spells.
Your spell library was empty.

Dungeon Overview and Level Annotations

Branches:
Dungeon (6/15)             Temple (0/1) D:6

Altars:
Cheibriados
Dithmenos
Qazlal
Ru


Innate Abilities, Weirdness & Mutations

((You are quick and stealthy near water. (Stealth+, EV+, Speed+++)))
Your lower body shifts to a powerful aquatic tail in water.


Message History

You are no longer berserk.
You are exhausted.
You feel yourself slow down. The yak gores you! The yak gores you.
You are too injured to fight recklessly!
You are too injured to fight recklessly!
You are too injured to fight recklessly!
You are too injured to fight recklessly!
Your skin crawls.
You feel strong-willed. The yak barely misses you.
You hit the yak but do no damage.
The yak is heavily wounded.
The yak gores you! The yak gores you but does no damage.
You closely miss the yak.
The yak is heavily wounded.
The yak gores you!
* * * LOW HITPOINT WARNING * * *
The yak gores you.
* * * LOW HITPOINT WARNING * * *
Unknown command.
Aiming: Paralyse
Press: ? - help, Shift-Dir - straight line, f - yak
Aim: a yak (heavily wounded, chance to affect: 46%)
The yak suddenly stops moving!
The yak gores you.
* * * LOW HITPOINT WARNING * * *
The yak gores you.
* * * LOW HITPOINT WARNING * * *
Aiming: Paralyse
Press: ? - help, Shift-Dir - straight line, f - yak, p - yak
Aim: a yak (chance to affect: 46%)
The yak resists with some effort.
The yak gores you but does no damage.
Unknown command.
Unknown command.
There's nothing to close nearby.
Aiming: Paralyse
Press: ? - help, Shift-Dir - straight line, f/p - yak
Aim: a yak (chance to affect: 46%)
The yak resists with some effort.
The yak closely misses you. The yak gores you!
You die...

***,,,,,,*,#...
*,,,,,..,#...
####..,...#...
##.#...,.......
#..............
#....,.........
##..###.........
###.?.#.#.........
#@Y....(..........
#####Y......##.......
*#..Y.Y......##.......
*#....##......##.......
#.....*#...............
#.....,####......#....รท
###...*** ##.....##....
##..,,* #...........(
#..,,* ##...........


You could see 3 yaks.

Vanquished Creatures
  2 yaks (D:6)
  Menkaure (D:4)
  A water moccasin (D:5)
  A sky beast (D:6)
  A necrophage (D:6)
  An ogre (D:4)
  A centaur (D:5)
  A kobold brigand (D:6)
  A bullfrog (D:5)
  A scorpion (D:5)
  A wyvern zombie (D:5)
  A howler monkey (D:5)
  2 centaur zombies (D:6)
  A bullfrog zombie (D:6)
  3 jellies
  2 hounds
  An orc priest (D:6)
  2 centaur skeletons (D:6)
  3 iguanas
  Natasha (thrice) (D:4)
  4 orc wizards
  A hound skeleton (D:4)
  Robin (D:4)
  6 adders
  4 gnolls (D:4)
  A shadow imp (D:5)
  4 worms
  6 orcs
  6 ball pythons
  4 endoplasms
  7 giant cockroaches
  11 goblins
  7 hobgoblins
  3 jackals (D:3)
  12 kobolds
  2 quokkas
  8 bats
  5 frilled lizards
  A quokka skeleton (D:4)
  5 rats
128 creatures vanquished.

Notes
Turn   | Place    | Note
-------+----------+-------------------------------------------
     0 | D:1      | jejorda2 the Merfolk Berserker began the quest for the Orb.
     0 | D:1      | Reached XP level 1. HP: 18/18 MP: 1/1
   257 | D:1      | Reached XP level 2. HP: 24/24 MP: 2/2
   848 | D:2      | Reached skill level 4 in Long Blades
   848 | D:2      | Reached XP level 3. HP: 27/29 MP: 3/3
  1180 | D:2      | Reached ** piety under Trog
  1378 | D:2      | Reached XP level 4. HP: 35/37 MP: 4/4
  1974 | D:3      | Found a faded altar of an unknown god.
  2415 | D:4      | Noticed Menkaure
  2419 | D:4      | Noticed Robin
  2424 | D:4      | Reached XP level 5. HP: 24/42 MP: 5/5
  2424 | D:4      | Killed Menkaure
  2425 | D:4      | Reached skill level 5 in Long Blades
  2425 | D:4      | Reached XP level 6. HP: 29/49 MP: 6/6
  2753 | D:4      | Reached skill level 6 in Long Blades
  2927 | D:4      | Noticed Natasha
  2943 | D:4      | Killed Natasha
  3129 | D:4      | Reached skill level 5 in Fighting
  3285 | D:4      | Reached XP level 7. HP: 56/56 MP: 7/7
  3512 | D:4      | Killed Robin
  3539 | D:4      | Noticed Natasha
  3549 | D:4      | Killed Natasha
  3650 | D:4      | Reached *** piety under Trog
  3720 | D:4      | Found a stormy altar of Qazlal.
  3720 | D:4      | Found a snail-covered altar of Cheibriados.
  3812 | D:4      | Noticed Natasha
  3828 | D:4      | Killed Natasha
  3953 | D:5      | Entered Level 5 of the Dungeon
  4140 | D:5      | Reached skill level 7 in Long Blades
  4379 | D:5      | Identified the +1 robe of the Desert {Rampage rElec}
  5125 | D:5      | Reached XP level 8. HP: 37/64 MP: 8/8
  5750 | D:6      | Reached skill level 8 in Long Blades
  6140 | D:5      | Reached skill level 9 in Long Blades
  6367 | D:6      | Found a shadowy altar of Dithmenos.
  6379 | D:6      | Reached XP level 9. HP: 69/69 MP: 9/9
  6434 | D:6      | Found a sacrificial altar of Ru.
  6501 | D:6      | Found a staircase to the Ecumenical Temple.
  6551 | D:6      | Reached skill level 10 in Long Blades
  6561 | D:6      | Slain by a yak

Illustrated notes

Levels and vault maps discovered:
D:1:      lightli_iron_boxes, layout_basic
D:2:      layout_loops_ring
D:3:      layout_basic, hellmonk_ecumenical_altar_arch_garden
D:4:      layout_rooms, amethyst_overflow_temple_binary, uniq_menkaure,
          uniq_natasha, uniq_robin
D:5:      layout_layer_cave
D:6:      layout_cave_pools, nicolae_ru_sacrificial_ziggurat,
          amcnicky_altar_gilded, temple_doors_e

Skill      XL: |  1  2  3  4  5  6  7  8  9 |
---------------+----------------------------+-----
Long Blades    | 4 5 6 7 9 10 | 10.1
Armour         | 2 3 4 |  4.9
Fighting       | 4 5 6 |  6.0
Dodging        | |  2.6

Action                   |  1- 3 |  4- 6 |  7- 9 || total
-------------------------+-------+-------+-------++-------
Melee: Falchion          |   128 |   122 |   295 ||   545
Throw: Dart              |       |     8 |    16 ||    24
       Boomerang         |       |       |     3 ||     3
Invok: Berserk           |       |     3 |     6 ||     9
       Trog's Hand       |       |     1 |     4 ||     5
Evoke: Wand              |       |       |     3 ||     3
  Use: Scroll            |       |       |    13 ||    13
Armor: Chain mail        |    68 |       |       ||    68
       Animal skin       |     3 |       |       ||     3
       Ring mail         |    11 |    51 |   155 ||   217
Dodge: Dodged            |    80 |    75 |   177 ||   332
       Rpst.: Falchion   |    22 |    16 |    40 ||    78

Table legend: (Time is in decaauts)
 A = Elapsed time spent in this place.
 B = Non-inter-level travel time spent in this place.
 C = Inter-level travel time spent in this place.
 D = Time resting spent in this place.
 E = Time spent auto-exploring this place.
 F = Levels seen in this place.
 G = Mean time per level.
                   A        B        C        D        E       F      G
               +--------+--------+--------+--------+--------+-----+--------+
         Total |   6613 |   6435 |    178 |    707 |   4609 |   6 | 1102.2 |
       Dungeon |   6613 |   6435 |    178 |    707 |   4609 |   6 | 1102.2 |
               +--------+--------+--------+--------+--------+-----+--------+

Top non-repeatable levels by time:
     D:5: 1982 daAuts
     D:3: 1229 daAuts
     D:4: 1112 daAuts
     D:2: 880 daAuts
     D:1: 772 daAuts
     D:6: 635 daAuts
